Workbook

Sheet summary
A2: BILL OF QUANTITIES (BOQ)
A4: PEB STORAGE SHED
A6: SUMMARY OF COST
A9: 1. Civil Works | B9: Rs.
A11: 2. Plumbing Works | B11: Rs. | C11: ='Plumbing BOQ'!$G$22 -> 0
A13: 3. HVAC | B13: Rs. | C13: =#REF! -> #REF!
A15: 4. Electrical | B15: Rs. | C15: ='Elec Summary'!D20 -> 0
A16: 5. PEB Structure, Cladding & Foundations | B16: Rs.
A17: Total: | B17: Rs.

Sheet Civil
A1: ITEM NO | B1: DESCRIPTION | C1: UNIT | D1: QTY | E1: RATE | F1: AMOUNT | G1: REMARKS
A2: A | B2: CIVIL WORKS
B3: DEEP CLEANING OF SITE | C3: Mandatory Compliance Required
A5: 1 | B5: Dismantling / Removal Works.
A6: 1.1 | B6: Dismantling / Removal of existing Block/Brick masonry, ceiling , R.C.C slab, projection ,sub floor cutting, chipping of plaster. Where required, Doors & windows with frame in any shape, Iron grills, mosaic skirting, Dado & all sanitary fixtures, water & drainage line, entire electrical wirings, disposed off useless materials/debries outside the municipal limits and stack useable materials as decided by bank's Engineer/Architect. Complete in all respect.(Contractor must visit the site prior to quote the rate).Salvage material to be returned to landlord or Bank as the case may be.
B7: Major Dismantling
A8: a | B8: Brick work /floor tile/lentel beam | D8: Job
A9: b | B9: Wood Work
A10: c | B10: Glass work
A11: d | B11: Steel Shutter's/Grill
A12: 2 | B12: Steel reinforcement For RCC Works (06-08-c)
B13: Providing, cleaning, cutting, bending , placing & fixing of minimum Dia 1/2" deformed Bars in position at any height, straight or curved steel conforming with the requirements of ASTM A615 Grade 40 for deformed hot rolled billet steel bars with minimum 40,000 psi yield strength including cost of testing, spacer block, steel chair pins, rolling margin, wastage, bindding wire & over lap not to be paid complete in all respects as per drwings,specification or approved by the Engineer/Architect. (steel @ 8" C/C, double mesh for strong room and locker room 9" walls & Single mesh for 6" walls) | C13: Kg | D13: 523 | G13: RCC steel: footings, pedestals, tie beams, lintels, floor slab (provisional)
A14: 2.1 | B14: Proposed R.C.C Wall & Base for Locker & Strong rooms (Excluding Steel). 06-07-c-03
B15: Providing, & laying of (1:2:4) concrete having 3000 psi compressive strenth as per required thickness of R.C.C Wall for Locker and Strong rooms (As per drawings), using best quality ordinary Portland cement and local approved quality sand and crushed stone ,excluding Reinforcement as per drawing, form work and its removal, curing as per requirement,complete in all respects as approved by the Engineer/Architect. | C15: Cft
A16: 2.2 | B16: R.C.C Lintels/R.C.C Beams (Excluding Steel).
B17: Providing, & laying, R.C.C Lintels/Beams of (1:2:4) concrete having 3000 psi compressive strength using best quality ordinary Portland cement and local approved quality sand and crushed stone ,excluding Reinforcement as per drawing. form work and its removal, curing as per requirement complete in all respects as approved by the Engineer/Architect. | C17: Cft | D17: 49 | G17: Tie beams 9"x12" + door lintels (provisional)
A18: 2.3 | B18: R.C.C Slab 4" thick (Excluding Steel).
B19: Providing, & laying, R.C.C slab (1:2:4) concrete having 3000 psi compressive strength using best quality ordinary Portland cement and local approved quality sand and crushed stone ,excluding Reinforcement as per drawing. form work and its removal, curing as per requirement complete in all respects as approved by the Engineer/Architect. | C19: Cft | D19: 187 | G19: Floor slab on grade
A20: 3 | B20: PCC (1:2:4) Genset Pad-06-05-f
A21: 3.1 | B21: Providing & making of 1:2:4 concrete having compressive strength of 3000 Psi, using best quality ordinary Portland cement and local approved quality sand and crushed stone, curing as per requirement ,including Reinforcement of 1/2'' dia deformed steel bars @ 6'' C/C both ways single mesh with minimum 40,000 psi yield strength including form work and its removal, complete in all respects for Genrator Pad (size= 5'x8'x1') | C21: Cft
A22: 4 | B22: Block / Brick Masonry works.
B23: Providing & laying Block / Brick masonry walls including racking of joints with 1:4 cement sand mortar, complete in all respect as per drawing, specifications, curing as per requirement & satisfaction of bank's Engineer/Architect.
A24: 4.1 | B24: 4.5" thick Brick Masonry (First class Bricks) | C24: Cft | D24: 178 | G24: Dado 4'-0" high (perimeter) + WC enclosure 8'-0" high
A25: 4.2 | B25: 9" thick Brick Masonry (First class Bricks) | C25: Cft
A26: 5 | B26: Plaster Works. 11-09-c
A27: 5.1 | B27: Providing & laying 1/2" to 1" thick cement sand plaster ( Internal / External ) with 1:4 cement sand mortar on walls, columns, beams, using best quality O.P.C. including 6" inches wide mesh at joints of structure for masonry and over conducting, (Only when required on old wall/ columns etc. as per satisfaction of bank's Engineer/Architect). | C27: Sft | D27: 952 | G27: Both faces: dado + WC walls
A28: 6 | B28: Plain cement Concrete
A29: 6.1 | B29: Providing, laying, average 2" thick Flooring (1:3:6) of 1250 psi compressive strength under any type of flooring using best Quality OPC and local approved quality sand and crushed stone, form work and its removal, complete in all respects as per approval of bank's Engineer/Architect. | C29: cft | D29: 93 | G29: Under floor slab
A30: 6.2 | B30: Providing and laying 3" thick 1:4:8 cement concrete screed under floor for tiles including curing hacking/chipping of existing surface for bonding where necessary etc complete in all respects as per approval of bank's Engineer/Architect. | C30: cft | D30: 5 | G30: WC floor
A31: 7 | B31: Kitchen Vanity
B32: Providing and fixing kitchen cabinets counter type 21"deep consisting of 1:2:4 RCC slab supported with brick wall at sides and center, plaster, core cutting for sink bowl exclusive of Granite on counter top ocomplete in all respects and as directed by the Engineer. Granite ba | C32: Rft
A33: 7 | B33: Porcelains Tiles. (Flooring only )
B34: Providing and Laying 24"X24" Master, Shabir or equivalent local brand (Minimum Base Price Rs.1800/- per Sq.m), at floor over 2" thick 1:4 cement motor including grouting with matching grout material,including wastage of materials leveling of floor before laying of tiles, complete in all respect as per satisfaction of bank's Engineer/Architect. | C34: Sft
A35: a | B35: Skirting:-
B36: Providing and fixing of 4" high skirting as above tiles, leveling of walls before laying of tile skirting, grouting with matching grout material & including wastage of materials complete in all respect as per satisfaction of bank's Engineer/Architect. | C36: Rft
A37: 8 | B37: Bath Room / Services AreaTiles
B38: Providing / Laying 12"x18" Shabbir, Master or equivalent brand local tiles for washroom and kitchen area premium quality tiles on toilet & Pantry Collage on wall & on floor as per approved shade & layout pattern on base concrete including grouting of joint with matching grout material, ,including wastage of materials complete in all respect as per satisfaction of bank's Engineer/Architect. | C38: Sft | D38: 128 | G38: WC floor + 7' high wall tiles
A39: 9 | B39: Granite for Kitchen & Toilet / Vanity Top
B40: Providing, laying & fixing of pre polished 24mm thick shara grey granite of best quality with approved size and shade including making of gola, grouting and jointing including cost of cutting for basin and sink bowl including filling with silicone around joint complete in all respect as per satisfaction by the Engineer/Architect.
A41: 9.1 | B41: Pantry Counter Top ( Sahara grey / Super white marble / Golden black ) | C41: Sft
A42: 9.2 | B42: Toilet Counter Top / Washroom Vanity ( Sahara grey / Super white marble / Golden black ) | C42: Sft
A43: 10 | B43: Granite for Stair/Entrance Steps
A44: 10.1 | B44: Providing and laying 20mm thick pre-polished Sahara Grey / Golden Black granite of approved quality and size on any type of flooring straight or curved, as per drawings, laid with cement slurry over cement sand mortar (1:4), including filling of joint with grouting material, rubbing, rounding and final chemical polish etc, complete in all respects. or as per specification of Bank's Architect/Engineer. | C44: Sft
A45: 10.2 | B45: same as per above but providing at door sill, under glass sill etc position complete in all respects. | C45: Sft
A46: 11 | B46: Pavements (Tuff Pavers)- Parking Area
B47: Providing & fixing 60 mm thick Envicrete/IZHAR or EQ. Pavers including Kerb stone, excavation, backfill, 6" thick compacted soil, 1:4:8 Cement Concrete bed and 1:4 c.s mortar and 2" thick sand cushion as per bank's Engineer/Architect. ( New Pavements) Strength 3000 psi | C47: Sft
A48: 12 | B48: Paint Work
A49: 12.1 | B49: Providing and applying, 3 coats of Berger, Nippon, Brighto Paints or equivalent (approved color) Paint of approved color and shade, at any floor & at any height over one coat of primer and making smooth and even surface by Appling same branch base wall putty filling as per specifications, to surface of walls, complete in all respects as specified and as approved by the bank's Engineer/Architect. | C49: Sft
A50: 12.2 | B50: Providing and applying, 3 coats of roller texture applied Berger, Nippon, Brighto Paints or equivalent (approved color) Weather sheild and shade, at any floor & at any height over one coat of primer and making smooth and even surface by Appling same brand weather shield putty base filling as per specifications, to surface of walls, complete in all respects as specified and as approved by the bank's Engineer/Architect. | C50: Sft
A51: 12.3 | B51: As above but with Matt enamel finish Berger, Nippon, Brighto Paints or equivalent (approved color) Paint of approved color and shade at all steel items complete in all respects. | C51: Sft
A52: 13 | B52: Cement Board (External Side as a Drop Beam)
B53: Providing and installation of cement board of 12mm sheets with double side front,back and bottom of bank premises i.e, internal sides of the premises of support 1/2"x2" , 14 swg pipe with all necessary fittings and paint of approved quality complete in all respects as directed by bank's Architect/Engineer. | C53: Sft
A54: 14 | B54: Wood Works.
A55: 14.1 | B55: Teller / Cash Counter
B56: Providing and making Teller's counter including 3" thick front and side walls, counter consisting of Partal wood frame, Teller's working counter top at 2'-6" height and coustomer counter top at 3'-0" height consisting of 1½"x1½" Partal wood frame covered with 3/4" thick MDF and toped with Local Corion of approved color (approximate quantity 100 Sq.ft), 12mm thick imported clear glass at front and as a divider fixed with S.S studs, 16"x22"x28" wooden drawer unit 01No. unit for each teller consisting of 3/4" thick lamination board with corion including best quality rails, handles, locks etc, Ash wood lipping, Complete in all respect. | C56: Rft
A57: 14.2 | B57: Bulk Head
B58: Providing and making bulk head using 2" x 2" partal wooden frame @ 2' c/c horizontal and vertical with 3/4" thick imported MDF on the front & Back sides & 3/4" thick imported MDF on the bottom of the bulkhead finished with Paint of approved color and shad, including all necessary fitting complete in all respects & as approved by the Bank's Engineer/Architect. | C58: Sft
A59: 14.1 | B59: Flush Doors (All doors )
B60: Providing and fixing 4" x 1.25'' thick partal wood Jamb Top ,Bottom, Left and Right Rail, including 1.25" x 1.5" thick partal wood Grid inner side frame with spacing of 8'' as per Drawing and filling of glued wood residue in between, 5" hinge and lock stiles with pressing of 3.2 mm ply wood panel sheet on front & back, With 3"x5/8" architectural beading , approved quality of oxidized brass hinges, brass screw, tower bolts, imported stainless steel Handle locks (Japanese/ Italy and European Brands ) and other hardware of brass including iron hold fasts, and 3 coats of matching Lacquer polish on leaf and door frame as per instructions of Architect/Engineer. | C60: Sft | D60: 18 | G60: WC door 2'-6" x 7'-0"
A61: a | B61: Wooden door without vision panel and with brass handle of two piece with toe skirting internal side S.S 16-18 gauge and G.I Frame complete in all respect New Star Japan/Korean/Italy door closer including oxidized double action brass hinges complete in all respects or as per instruction of Architect / Engineer. | C61: Sft
B62: Wooden Cabinets
A63: 15 | B63: Full / Low Height cabinets
B64: Providing and fabrication in position full height cabinets 16" deep. Approved color work consists of 3/4" thick laminated board boxing with 3/4" thick MDF Lamination of Formite/Partex//Platinum (code:) finished leaves, with lipping all around. All fittings i.e. screws, bolts Piano hinges, catchers, hydraulic locks, handles and all other accessories are part of the job including anti termite treatment etc. complete in all respects. | C64: Sft
A65: 15.1 | B65: Hanging cabinets: Providing and fabrication in position 12" wide Hanging cabinets in kitchen. Same specs as above to Full Height Cabinets, complete in all respects. | C65: Sft
A66: 15.2 | B66: Floor cabinets: Providing and fabrication in position 24" wide Floor cabinets in kitchen. Same specs as above to Full Height Cabinets, complete in all respects. | C66: Rft
A67: 16 | B67: Full Height Gypsum Partition
B68: Providing and fixing of full height 3" gypsum partition with aluminium frame 2'x2' with 12mm gypsum united/Arish brand on both sides including the cost of all screws, rowel bolts, nails, glue etc. painting with Juton paint. All wood should be termite proof complete in all respects. ​ complete in all respect or as directed by bank's Architect / Engineer. | C68: Sft
A69: 17 | B69: Low Height Gypsum Partition
B70: Same as per full height gypsum partitions but low height partition with 12mm thick, 4" white beach wood coping on top and front of low height partition including the cost of all screws, rowel bolts, nails, glue etc with lacquer polish and painting both the faces with Juton paint. All wood should be termite proof complete in all respects. ​ complete in all respect or as directed by bank's Architect / Engineer. | C70: Sft
A71: 18 | B71: Wooden Paneling/Cladding
B72: Providing, making and fixing in position wooden cladding over columns/walls consisting of 10mm thick MDF (Imported) veneered with 1/8" thick Ash ply over 1½"x1-1/2" thick local Partal wood frame, including solid Ash wood gola (as per design) matt lacquer polishing to wood/ ply, complete in all respects as per drawings and as directed by the Engineer/Architect. | C72: Sft
A73: 20 | B73: I.T Room Counter
B74: Providing and making IT counter of lamination board (of Formite /partex code: ) & matching beach wood lipping including mobile storage unit, at every 4'-0" Rft with key board tray and 3 coat of sprit polish of matching shade on lippping complete in all respects as per drawings and as approved by Bank's Engineer/Architect. | C74: Rft
A75: 21 | B75: Wooden Hanging Beams.
B76: Providing & fixing in position wooden Beams for support to fix glass, glass door & on top of walls up to roof slab consisting of 1 1/2 x2" @ 2'-0" c/c partal wood framing fixed to walls and top on slab and 10mm thick MDF Lasani board (Local) on both sides including nails, bolts, glue wastage, wood preservative, treatment & 3 coats of paint complete in all respect as per drawings and as directed by Bank' s Engineer/Architect. | C76: Sft
B77: Solid Ash Wood Louver
B78: Providing and fixing of solid ash wood louver of vertical members of size 1"x3" of required height C/C spacing 1.5" complete in all respect and as per approved design | C78: Sft
A79: 22 | B79: Aluminum Glass Woks.
A80: 22.1 | B80: 12MM Glass Doors
B81: Providing and fixing 12 mm thick clear glass doors with floor mounted imported door closer of approved quality, and top pivot, including fixing 2mm thick aluminum D48-B H section Approved local brand) White powder coated + New star, Khase, King,GCC (Range 8000/-With one Year replacement warranty from contractor.) floor machine at bottom, with gasket, best quality stainless steel door handles 24" long, locks, flate edgeing and polish of exposed edges, complete in all respects and as directed by the bank's Engineer/Architect. | C81: Sft
A82: 22.2 | B82: 12MM Glass Partitions
B83: Providing and fixing 12mm thick glass for Internal/External Partitions fixed with 2mm thick aluminum D48-B H section, (Pakistan or Chawla) White powder coated, U- channel along with the walls, true to plumbob with cover on the hollow end of the aluminum H sec. and polishing of exposed edges, complete in all respects and as directed by the Engineer/Architect. | C83: Sft
A84: 23 | B84: False Ceiling
A85: 23.1 | B85: Conclead Gypsum Board ceiling
B86: Providing and fixing plain 1/2" 8mm thick Gypsum board false ceiling Elephant/DFB made, with matel frame suspension system as per manufacturer's specifications including cost of tapes, filling of joints as per drawings and instruction of the Architect/Engineer complete in all respects. | C86: Sft
A87: 23.2 | B87: Laminated Gypsum Tile Ceiling
B88: Providing and fixing 600 x 600mm single sides laminated gypsum board false ceiling,including wastage of materials (make DFB or equivalent) with aluminum foil at back side with imported aluminum powder coated of approved suspension system (CKM ceiling suspension system UT/FUT series) with Disco T, as per drawing and design complete in all respects. | C88: Sft
A89: 24 | B89: M/S Stair Stainless Steel Works.
A90: 24.1 | B90: Stainless Steel Stair Case Railing.
B91: providingand fixing MS steel stair and Providing, fabricating and fixing in position 2’-9” high stair railing comprising of 2" diameter 16 SWG (Non magnet Grade 304) double stainless steel pipe at top , 1-1/2” SS balustrade fixed after every 3 steps or as shown in drawing, and middle 3/4" dia. stainless steel 16 SWG (Non magnet Grade 304) bars horizontally (3 No.), including cost of base plate, rawal bolts, rawal plugs, R.c.c cutting if required complete in all respects and as directed by the bank's Engineer.floor hight from ground to mizznine 8'.0" | C91: job | G91: Omitted - no mezzanine
A92: 24.2 | B92: Stainless Steel Hand Rail for Wash Basin
B93: Providing, fabricating and fixing in position S.S finish grab hand railing comprising of 1-1/2" diameter 16 SWG (Non magnet Grade 304) stainless steel pipe, Both sides of wash basin , as shown in drawing, Fixed with walls and Floor, including cost of base plate, rawal bolts, rawal plugs, R.c.c cutting if required complete in all respects and as directed by the bank's Engineer. | C93: No
A94: 24.3 | B94: Stainless Steel Hand Rail for Water Closet
B95: Providing, fabricating and fixing in position S.S finish grab hand railing comprising of 1-1/2" diameter 16 SWG (Non magnet Grade 304) stainless steel pipe L Shape , as shown in drawing, Fixed with walls, including cost of base plate, rawal bolts, rawal plugs, R.c.c cutting if required complete in all respects and as directed by the bank's Engineer. | C95: No
A96: 24.3 | B96: Stainless Steel Flip Hand Rail for Water Closet
B97: Providing, fabricating and fixing in position S.S finish Flip hand railing comprising of 1-1/2" diameter 16 SWG (Non magnet Grade 304) stainless steel pipe, as shown in drawing, Fixed with walls, including cost of base plate, rawal bolts, rawal plugs, R.c.c cutting if required complete in all respects and as directed by the bank's Engineer. | C97: No
A98: 25 | B98: Ms Security Grill
B99: Providing and fixing of MS enamel painted security grill of 1.5" x 1.5" Square hollow metal Frame (16SWG) with 1/2" x 1/2" soild MS bars @ 6" C/C & with diagonally/horizontally supports of solid MS bars of 1/4" x 1-1/2" as per design & drawing including cost of hinges for front door & MS Plate of 1' x 1' near front lock, lock slot for lock, welding, expension bolt, edges finishing, red oxide and fixing with necessary fittings as per design & drawings complete in all respects or as per instruction of Bank's Architect/Engineer's. Note: No grill will be fixed at ATM Area. | C99: Sft
A100: 26 | B100: Manual Grill Rolling Shutter
B101: Providing and fixing of GI grill Roller shutter of 18 SWG galvanized sheet including Top box & both side guide rails of approved quality including GI sheet top box, all types of fittings, vision panel with wire mesh of approved quality, painting with ash white Jutton Matt enamel rust inhibiting primer, complete in all respects, as directed by the Banks Engineer/Architact. | C101: Sft | D101: 100 | G101: Main entrance
...

Sheet PEB Works
A1: ITEM NO | B1: DESCRIPTION | C1: UNIT | D1: QTY | E1: RATE | F1: AMOUNT | G1: REMARKS
A2: A | B2: PRE-ENGINEERED STEEL BUILDING (PEB) WORKS
A3: 1 | B3: Earthwork & Foundations (provisional - sizes to be confirmed from soil report and frame reactions)
A4: 1.1 | B4: Excavation in ordinary soil for column footings, mezzanine footings and tie-beam trenches, including dressing, dewatering where required and disposal of surplus soil, complete in all respects. | C4: Cft | D4: 369 | F4: =D4*E4 -> 0 | G4: 3'-6" founding depth assumed
A5: 1.2 | B5: Providing & laying 3" thick PCC (1:4:8) blinding under footings, complete in all respects. | C5: Cft | D5: 18 | F5: =D5*E5 -> 0
A6: 1.3 | B6: Providing & laying RCC (1:2:4), 3000 psi, in isolated footings (excluding steel), including form work, curing and anchor-bolt templates. 6 nos PEB column footings 3'x3'x1'-0". | C6: Cft | D6: 54 | F6: =D6*E6 -> 0 | G6: Steel included in Civil item 2
A7: 1.4 | B7: Providing & laying RCC (1:2:4), 3000 psi, in column pedestals (excluding steel), including form work, with pockets/set-out for M20 anchor bolts. 6 nos 12"x12"x2'-6". | C7: Cft | D7: 15 | F7: =D7*E7 -> 0 | G7: Steel included in Civil item 2
A8: 1.5 | B8: Backfilling around footings, pedestals and tie beams in layers with watering and compaction, complete in all respects. | C8: Cft | D8: 240 | F8: =D8*E8 -> 0
A9: 1.6 | B9: Filling under floor slab with approved sand / hardcore 6" thick, watered, levelled and compacted to 95% MDD, complete in all respects. | C9: Cft | D9: 280 | F9: =D9*E9 -> 0 | G9: Under floor slab
A10: 2 | B10: PEB Primary Frames (supply, fabrication, painting, transport & erection)
A11: 2.1 | B11: Column C1, welded tapered I-section, depth 200 mm at base to 350 mm at knee, flanges 125x6 mm, web 4 mm, height 10'-0" (6 nos), with one coat shop primer and finish coat. | C11: Kg | D11: 366 | F11: =D11*E11 -> 0 | G11: 6 nos, approx. 61 kg each
A12: 2.2 | B12: Rafter R1, welded tapered I-section, depth 350 mm at knee to 250 mm at ridge, flanges 125x6 mm, web 4 mm (6 nos), with one coat shop primer and finish coat. Roof slope 1:10. | C12: Kg | D12: 383 | F12: =D12*E12 -> 0 | G12: 6 nos, approx. 64 kg each
A13: 2.3 | B13: Base plates 250x150x16 mm for pinned column bases (6 nos). | C13: Kg | D13: 28 | F13: =D13*E13 -> 0
A14: 2.4 | B14: Knee and ridge splice end plates 16 mm thick, stiffeners and gussets (6 knee + 3 ridge joints). | C14: Kg | D14: 75 | F14: =D14*E14 -> 0 | G14: 10% of members - assumed
A15: 2.5 | B15: M20 anchor bolts with nuts and washers, 4 nos per base (6 bases). | C15: Nos | D15: 24 | F15: =D15*E15 -> 0
A16: 2.6 | B16: M16 HSFG bolts with nuts and washers for knee and ridge splices, 6 nos per joint. | C16: Nos | D16: 54 | F16: =D16*E16 -> 0
A17: 3 | B17: PEB Secondary Steel
A18: 3.1 | B18: Roof purlins Z150x1.5 mm @ 5'-0" c/c, lapped over rafters (6 lines), complete with cleats and bolts. | C18: Kg | D18: 194 | F18: =D18*E18 -> 0 | G18: 5.9 kg/m + 5% lap
A19: 3.2 | B19: Wall girts Z150x1.5 mm @ 5'-0" c/c, 2 rows per face on all four faces, complete with clips and bolts. | C19: Kg | D19: 221 | F19: =D19*E19 -> 0 | G19: 3.6 kg/m + 5% lap
A20: 3.3 | B20: Eave struts along both eaves. | C20: Kg | D20: 61 | F20: =D20*E20 -> 0 | G20: Section assumed
A21: 3.4 | B21: 12 mm dia. rod X-bracing in roof and walls of one end bay, complete with fittings. | C21: Kg | D21: 39 | F21: =D21*E21 -> 0 | G21: 8 rods
A22: 3.5 | B22: Turnbuckles for 12 mm dia. rod bracing. | C22: Nos | D22: 8 | F22: =D22*E22 -> 0
A23: 4 | B23: Cladding & Flashings
A24: 4.1 | B24: Providing & fixing 0.5 mm BMT colour-coated profiled steel roof sheeting complete with self-drilling screws, washers and sealant (roof area less roof lights). | C24: Sft | D24: 535 | F24: =D24*E24 -> 0
A25: 4.2 | B25: Providing & fixing translucent roof light sheets, same profile as roof sheeting, equal to 5% of roof area. | C25: Sft | D25: 28 | F25: =D25*E25 -> 0
A26: 4.3 | B26: Providing & fixing 0.5 mm BMT colour-coated profiled steel wall sheeting above the 4'-0" brick dado, including gable ends, with fasteners (net of the 10'x6' shutter opening and 3'x3' door opening above dado). | C26: Sft | D26: 527 | F26: =D26*E26 -> 0
A27: 4.4 | B27: Ridge cap flashing, colour-coated. | C27: Rft | D27: 28 | F27: =D27*E27 -> 0
A28: 4.5 | B28: Gable rake trim flashing, colour-coated. | C28: Rft | D28: 40 | F28: =D28*E28 -> 0
A29: 4.6 | B29: Corner trim flashing, colour-coated (4 corners). | C29: Rft | D29: 24 | F29: =D29*E29 -> 0
A30: 5 | B30: Mezzanine Floor - OMITTED (no quantities)
A31: 5.1 | B31: Mezzanine steel framework: 6 nos columns, main beams, secondary joists and bracing, fabricated, painted and erected (indicative 35 kg/m2). Floor level approx. +10'-0". | C31: Kg | F31: =D31*E31 -> 0 | G31: Omitted
A32: 5.2 | B32: Profiled steel deck 0.8 mm thick as permanent shuttering for mezzanine slab, with shear connectors. | C32: Sft | F32: =D32*E32 -> 0
A33: 5.3 | B33: Providing & laying 4" thick RCC (1:2:4), 3000 psi, topping over steel deck (excluding steel), curing and finishing. | C33: Cft | F33: =D33*E33 -> 0
A34: 5.4 | B34: Reinforcement mesh for topping, 3/8" dia. @ 8" c/c both ways. | C34: Kg | F34: =D34*E34 -> 0
A35: 5.5 | B35: Mezzanine edge guard rail 3'-6" high, MS pipe with mid rail, painted (all four sides less stair opening). | C35: Rft | F35: =D35*E35 -> 0

Sheet Plumbing BOQ
A1: PLUMBING WORKS
A2: ITEM NO | B2: QTY | C2: DESCRIPTION | D2: UNIT | E2: QTY | F2: RATE | G2: AMOUNT
A3: 1 | C3: Providing and fixing Sanitary ware of PORTA make with all Sanitary fittings of Master /Sonex make including Muslim shower, Double Bib Cock, Towel Rail, Soap dish, Coat Hook & Toilet paper holder etc. complete in all respect or as directed by the Consultant / Bank's Engineer.
A4: 1.1 | C4: Indian Water Closet (Porta#HDD9) with Single Bib Cock complete in all respect. | D4: Nos | E4: 1
A5: 1.2 | C5: European Water Closet (Porta#HD9N/HD113A) with Single Bib Cock complete in all respect. | D5: Nos
A6: 1.3 | C6: Counter Top Porta vanity wash basin with Master /SONEX Mixer EUROSTYLE:Tier G3 performance complete in all respect. | D6: Nos
A7: 1.4 | C7: Pedestal /Semi Pedestal Porta wash basin with EUROSTYLE:Tier G3 performance complete in all respect. | D7: Nos | E7: 1
A8: 1.5 | C8: Master / Sonex/Faisal Muslim Shower including Double Bib Cock complete in all respect. | D8: Nos
A9: 1.6 | C9: Master / Sonex Chromium Plated Bib Tap complete in all respect (If required) | D9: Nos | E9: 2
A10: 1.7 | C10: Master Set of Towel bar, Paper holder complete in all respect. (Must be in Chromium Plated). | D10: Nos | E10: 1
A11: 1.8 | C11: One Hole Costa Sink Mixer complete in all respect (If required) | D11: Nos
A12: 1.9 | C12: Kitchen Sink Bowl (Rashid) with wall mounted Rashid Costa Mixer and other fitting complete in all respect. | D12: Nos
A13: 1.1 | C13: Stainless Steel Soap dish complete in all respects (S.S.). | D13: Nos | E13: 1
A14: 2 | C14: Multifloor Trap & S.S. Floor Drain complete in all respects. | D14: Nos | E14: 1
A15: 3 | C15: Providing and fixing complete plumbing system by best quality UPVC, PPR piping (hot & cold ( (Dura/ Adam Jee) complete in all respect including connection from underground tank and main sewerage.(All material to be selected from approved manufacturers list only)
A16: 3.1 | C16: Kitchen | D16: Job
A17: 3.2 | C17: Toilets | D17: Job | E17: 1
A18: 4 | C18: Providing & fixing of 200 gallon Water Tank (Super Tuff/ Dura ) with PPR Piping of Dura/Adam Jee complete in all respects or as directed by Bank's Engineer/Architect. | D18: Job | E18: 1
A19: 5 | C19: Providing & fixing of 1.5 HP Water Pump as per requirement complete in all respects or as directed by Bank's Engineer/Architect. | D19: Job
A20: 6 | C20: Septick Tank Standard size, 7'x2'x5' complete ( (if required) | D20: Job
A21: 7 | C21: Soakage Pit standard size, 6'dia and 15'deep (if required) | D21: Job | E21: 1
A22: TOTAL PLUMBING AMOUNT | G22: =SUM(G4:G21) -> 0

Sheet Elec Summary
B2: SUMMARY OF COST ELECTRICAL BOQ - PEB STORAGE SHED
B4: 1. Electrical Wiring | C4: Rs.
B6: 2. Switchgear | C6: Rs.
B8: 3. Feeder & Sub Feeder | C8: Rs.
B10: 4. Telephone System | C10: Rs.
B12: 5. Computer Networking | C12: Rs.
B14: 6. Panic Alam System | C14: Rs.
B16: 7. Earthing System | C16: Rs.
B18: 8. Q Matic System | C18: Rs.
B20: GRAND TOTAL | D20: =SUM(D4:D19) -> 0

Sheet Electrical Wiring
B1: ELECTRICAL WIRING | D1: PEB STORAGE SHED
A2: ITEM NO | B2: DESCRIPTION | C2: UNIT | D2: QTY | E2: RATE | F2: AMOUNT
A3: 1 | B3: Circuit Wiring
A4: 1.1 | B4: Providing, wiring & circuits for light points from distribution board to respective switch boxes as shown on the drawing wired with 3x2.5mm2 S/C PVC insulated cable in 20mm dia PVC conduit or PVC channel at slab/wall/column, complete with all conduit & wiring accessories and Megger Test Report must be carried out and to be submitted with the bill after completion of work along with Certificate of Geniuses of Electric Cables and its fixtures/accessories from Authorized Dealer/Distributor (FAST CABLES,PAK CABLE). (All material to be selected from approved manufacturer's list brand for PVC /UPVC pipeAdamjee,Dura.Beta or equivalent ) /as redocumented by Engineer as per site requirements. | C4: Nos. | D4: 3
A5: 1.2 | B5: Sub Circuit wiring, same as above but point to point | C5: Nos.
A6: 1.3 | B6: Same as item No. 01, above but, exhaust fan point,or bracket fan, ceiling fan complete in all respects. | C6: Nos. | D6: 1
A8: 2 | B8: Providing & Installation of wall (Steel blade) bracket fan for kitchen & vantage area, complete with all fixing accessories, ( Make: Pak Fan,GFC or Eq.) | C8: Nos.
A10: 3 | B10: Providing & Installation of 12” size (ceiling/wall mounted) exhaust fans with louvers. (Pak Fan,GFC or Eq.) | C10: Nos. | D10: 1
A11: 4 | B11: Providing & Installation of 24” size (Wallmounted) exhaust fans with louversfor Genset room. (Pak Fan,GFC or Eq.) | C11: Nos.
A12: 5 | B12: Providing & installation of 15 liter Electric Geaser with plumbing /Electric work complete with all respect (Nasgas or equilent) . | C12: Nos
A14: 6 | B14: Providing & installation of gang switch "Schenider" (Vivache series) with 16 SWG sheet steel box mounted concealed surface.
A15: a | B15: 1 Gang 10A | C15: Nos. | D15: 2
A16: b | B16: 2 Gang 10A - IT Room, Vault, Kitchen,washroom, ATM, Locker, Emergency Loby Area). | C16: Nos.
A17: c | B17: 3 Gang 10 A - BM, Banking Hall Ground floor, Teller. | C17: Nos.
A18: d | B18: 4 Gang 10 A - Banking Hall Area | C18: Nos. | D18: 1
A19: e | B19: 5 Gang 10 A | C19: Nos.
A20: f | B20: 6 Gang 10 A - Banking Hall, | C20: Nos
A21: 7 | B21: Light Point Wiring
A22: 7.1 | B22: Supply & installation of wiring of light point with 3x 1.5 sq.mm single core PVC insulated wires in 20 mm dia of PVC conduit in slab, wall, floor or on surface mounted completed in all respect from switch to point . Cable is (Pakistan Cable, Fast cable) (All material to be selected from approved manufacturer's list brand for PVC /UPVC pipeAdamjee,Dura.Beta or equivalent ) | C22: Nos | D22: 9
A23: 7.2 | B23: Same as item # 1 but point to point | C23: Nos | D23: 9
A24: 8 | B24: 15 Amp 3 Pin Power socket & Wiring (For Geyzer & Water Dispenser)
A25: 8.1 | B25: Providing & wiring of 15 Amps 3 pin power socket outlet wired with 3x2.5mm2 PVC insulated cable in 25mm dia PVC conduit or PVC duct recessed in wall/floor for Kitchen washroom Electric Geaser will all conduit & wiring accessories. (All material to be selected from approved manufacturer's list brand for PVC /UPVC pipeAdamjee,Dura.Beta or equivalent ) From DB to 3-pin switch | C25: Nos
A26: 8.2 | B26: Same as item 7.1 but outlet to outlet | C26: Nos
A27: 9 | B27: Providing, fixing & connecting of Schenider (Vivache style) make 15 Amps, ,Kitchen,washroom 3 pin switch socket outlet complete with appropriate size 1.5mm thick sheet steel coloured orange back box recessed in wall. | C27: Nos.
A28: 10 | B28: Providing & wiring of 13 Amps 3 pin power socket (Vivache style) outlet wired with 3x2.5 mm2 PVC insulated cable in 25mm dia PVC conduit or PVC duct recessed in wall/floor, complete will all conduit & wiring accessories in kitchen,lobby Hall area, Wash rooms,Custumer sitting area,"(For Other Area) | C28: Nos. | D28: 4
A29: 11 | B29: Same as item 13 but outlet to outlet | C29: Nos.
A30: 12 | B30: Providing, fixing & installation of "Schenider" make 13 /3 pin (Vivache style)switch socket outlet. with 1.5 mm thick sheet steel coloured orange back box complete with all accessories for Banking Hall, Water dispensor, kitchen,copier, Ventage.(For Other Area) | C30: Nos. | D30: 4
B31: Power Point Wiring (For officers etc)
A32: 13 | B32: Providing & wiring of 13Amps 3 pin (Vivache style) power socket outlet wired with 3x2.5 mm2 PVC insulated cable in 25mm dia PVC conduit or PVC duct recessed in wall/floor, complete will all conduit & wiring accessories for work stations." (For Wapda & UPS) (All material to be selected from approved manufacturer's list brand for PVC /UPVC pipeAdamjee,Dura.Beta or equivalent ) (Offices Area) | C32: Nos.
A34: 14 | B34: Providing, fixing & installation of 13Amps 3pin (Vivache style)switch socket ( "Schenider") with 1.5 mm thick steel sheet coloured orange back box complete with all accessories.(For BM office,I.T & all workstations wapda & UPS power sockets) (Offices Area) | C34: Nos.
A36: 15 | B36: Provding & Laying of Coaxial cable RG-75 in 25 mm dia PVc conduit for LCD Plasma Screen including TV socket with 1.5 mmthick back box of Clipsil make (Fast cables,Pakistan cables) (All material to be selected from approved manufacturer's list brand for PVC /UPVC pipeAdamjee,Dura.Beta or equivalent ) | C36: Nos.
A37: 16 | B37: Providing & installation of LED 36W/40W Linear light 3"x 1 Meter 4000K ( Osaka brand). | C37: Nos | D37: 8
A38: 17 | B38: Providing & installation of LED 40W panel light 1'X4' warm white 4000K ( Osaka brand) Contact for Osaka lights. | C38: Nos
A39: I | B39: 0321-5006164 & 051-5555916 for North region
A40: II | B40: 0300-8209080 for South region
A41: III | B41: 0321-5082508 for Centeral region
A43: 18 | B43: Providing & installation of LED 40w panel light 2'x2' -4000K ( Osaka brand Contact for Osaka lights. Lobby areas,BM. | C43: Nos
B44: 0321-5006164 & 051-5555916 for North region
B45: 0300-8209080 for South region
B46: 0321-5082508 for Centeral region
A47: 19 | B47: Providing & installation of LED 40w panel light 70mmx80mmx1000mm' warm white 4000K (Osaka brand) Contact for Osaka lights. | C47: Nos.
A48: I | B48: 0321-5006164 & 051-5555916 for North region
A49: II | B49: 0300-8209080 for South region
A50: III | B50: 0321-5082508 for Centeral region
A51: 20 | B51: Providing & installation of LED 18w round shape panel light - 4000K in ,Teller area,ATM, Kitchen, Vault (Osaka brand) Contact for Osaka lights. | C51: Nos.
A52: I | B52: 0321-5006164 & 051-5555916 for North region
A53: II | B53: 0300-8209080 for South region
A54: III | B54: 0321-5082508 for Centeral region
A56: 21 | B56: Providing & installation of LED 12w round shape panel light - 4000K in wash rooms, store,IT room, lobby area, out side the brach area, (Osaka brand) Contact for Osaka lights. | C56: Nos | D56: 1
A57: I | B57: 0321-5006164 & 051-5555916 for North region
A58: II | B58: 0300-8209080 for South region
A59: III | B59: 0321-5082508 for Centeral region
A60: 22 | B60: Providing & installation of LED COB Down lighter 7w round shape fixture(cash area, BM office & Branch internal corners) (Osaka brand) Contact for Osaka lights. | C60: Nos
B61: 0321-5006164 & 051-5555916 for North region
B62: 0300-8209080 for South region
B63: 0321-5082508 for Centeral region
A65: 23 | B65: Providing & installation of LED COB Down lighter 12w round shape fixture(cash receiving area,Varandah,ATM (Osaka brand) Contact for Osaka lights. | C65: Nos
B66: 0321-5006164 & 051-5555916 for North region
B67: 0300-8209080 for South region
B68: 0321-5082508 for Centeral region
A69: 24 | B69: Providing & installation of Osaka Bulk Head Round Light Bulb 12Wround shape fixture (Genset Room) (Osaka brand) Contact for Osaka lights. | C69: Nos
B70: 0321-5006164 & 051-5555916 for North region | C70: Nos
B71: 0300-8209080 for South region | C71: Nos
B72: 0321-5082508 for Centeral region | C72: Nos
B73: Ceiling Recessed Fan: Provide and install ceiling recessed fan Make Master three year warntee. For each officer, cash counter, BM room, visitior area, guard room. | C73: Nos
A74: 25 | B74: Supply & installation Pendant Lights complet in all respects any good quality (China) | C74: Nos
A77: 26 | B77: Providing 6 circuits with 2.5mmx3 for 5 UPS lights in Hall areas, Cash Counter, IT Room, vault room, ATM,OM, BM & wash rooms,Banking Hall. | C77: Nos
A78: 27 | B78: Providing installing & wiring for (single phase) split unit or Cassete Type from distribution board to respective switches or split unit with 3x4mm² S/C PVC cable in 25mm dia conduit, complete with all accessories including termination. (All material to be selected from approved manufacturer's list brand for PVC /UPVC pipeAdamjee,Dura.Beta or equivalent ) | C78: Nos
A79: 28 | B79: Providing installing & wiring for (three phase) split unit or Cassete Type from distribution board to respective switches or split unit with 2x6mm² + 1x4mm² S/C PVC cable in 25mm dia conduit, complete with all accessories including termination. (All material to be selected from approved manufacturer's list brand for PVC /UPVC pipeAdamjee,Dura.Beta or equivalent ) | C79: Nos
A80: 29 | B80: Providing installing & wiring 1 for Sign Board with 3x4mm² S/C PVC cable & 1 for(ATM sign board) in 25mm dia conduit with one 10 Amp 2 -pole MCB enclosed in 1 6mm thick back box , complete with all accessories. | C80: Nos
C81: Total | F81: =SUM(F4:F80) -> 0

Sheet Switchgear
B1: SWITCHGEAR | D1: ='Electrical Wiring'!D1:F1 -> PEB STORAGE SHED
A2: ITEM NO | B2: DESCRIPTION | C2: UNIT | D2: QTY | E2: RATE | F2: AMOUNT
B3: DISTRIBUTION PANELS / SWITCHBOARDS
B4: MAIN DISTRIBUTION BOARD. Main DB shall be made of 16 SWG steel sheet total enclosed electro static painted, wall mounted, indoor/outdoor type, suitable for operation on 3 phase 4 wires, 50 cycles, 400/600 volts system and shall comprise of Breakers to be installed by approved Panel Builder by AKBL (Schenider,Tarasaki) and Breaker Test Report must be attched with bill along with Certificate of Geniuses of all Breakers and its fixtures/accessories from Authorized Dealer/Distributor. / as redocumented by Engineer as per site requirements.
A5: 1 | B5: i) MDB
B6: INCOMING
B7: 100ATP MCCB (18 KA)
B8: 1x100 & 1X100 ATP MCCB Spare
B9: 3-CTs' ratio 150/5, make Fico , Effen , Camsco ( EU brand )
B10: 1-Digital Ammeter, make Camsco , Zigler, Entes ( EU brand )
B11: 1-Ammeter selector switch. Bretter (Itly) , Camsco
B12: 1-Digital Voltmeter +Voltmeter selector switch.Camsco , Zigler,Entes ( EU brand )
B13: 3-Phase indication lights. France Legrand. 1 No Copper Busbar complete with 4 bars TP 500 Volts.
B14: DB Size : 36" x 24" x 8" | C14: Nos
A16: 2 | B16: Distribution Board: Supply, install and connect following surface mounted DB's of 16 SWG sheet with 20% space for future requirement with MCCB and CB (Schenider,Tarasaki) and all mounting accessories as per the drawings. Complete in all respect.
B17: i) DB with 100 Amp MCCB with Volt / CT Ampere Meters For ( LIGHT, POWER and AC's )
B18: OUTGOING Breaker with 45MCB in each DB
B19: SP- MCB10/16/20/ Amp MCB (6 KA)
B20: DB Size : 25" x 24" x 6" | C20: Nos | D20: 1
A22: 3 | B22: iii) DB with Two 32Amp 2 Pole MCB only in main UPS DB for Computer "UPS Supply"
B23: OUTGOING Breaker with 20 MCB in each DB
B24: 10 Amp MCB (5 KA)
B25: install 32 Amp rotary changeover complete with all respect for UPS
B26: DB Size : 24" x 24" x 6" | C26: Nos
A28: 4 | B28: Providing and fixing of 10 KVA AVR in I.T room (sorvo motorize base with 30 sec delay) WITH 1 year complete gurantee | C28: Nos
A29: 5 | B29: Cable Tray
A30: i | B30: 8"x3" with cover 18 SWG with all respects. | C30: RFT
A31: ii | B31: 4"x3" with cover 18 SWG with all respects. | C31: RFT
B32: TOTAL | F32: =SUM(F4:F31) -> 0

Sheet Feeder & Sub Feeder
B1: FEEDER AND SUB-FEEDER | D1: ='Electrical Wiring'!D1:F1 -> PEB STORAGE SHED
A2: ITEM NO | B2: DESCRIPTION | C2: UNIT | D2: QTY | E2: RATE | F2: AMOUNT
B3: FEEDER AND SUB- FEEDER
B4: MAIN & SUB-MAIN CABLES
A5: 1 | B5: Providing, Laying, Testing, Termination and Commissioning of following single core/multi core PVC insulated Copper Conductor Cables for main/sub-main power distribution system as shown in the schematic drawings and cable schedule in already installed pvc conduit brand Adamjee,Dura.Beta pipe for Fast cable, Pakistan cables Work also includes necessary termination accessories like compression lugs, color coded sleeves, identification tags and Megger Test Report must be carried out and to be submitted with the bill after completion of work along with Certificate of Geniuses of Electric Cables and its fixtures/accessories from Authorized Dealer/Distributor. etc /as redocumented by Engineer as per site requirements.
A6: 2 | B6: 4C, 50 Sqmm PVC/PVC conduit brand Adamjee,Dura.Beta pipe Meter to DB-B | C6: Rft
B7: 4C, 35 Sqmm PVC/PVC conduit brand Adamjee,Dura.Beta pipe Meter to DB-B | C7: Rft
B8: 4C, 25 Sqmm PVC/PVC conduit brand Adamjee,Dura.Beta pipe Meter to DB-B | C8: Rft | D8: 25
B9: 4C, 16 Sqmm PVC/PVC conduit brand Adamjee,Dura.Beta pipe Meter to DB-B | C9: Rft
B10: 4C, 10 Sqmm PVC/PVC conduit brand Adamjee,Dura.Beta pipe Meter to DB-B | C10: Rft
A13: 3 | B13: 4C, 50 Sqmm PVC/PVC conduit brand Adamjee,Dura.Beta pipe (For Generator to ATS ) | C13: Rft
B14: 4C, 35 Sqmm PVC/PVC conduit brand Adamjee,Dura.Beta pipe (For Generator to ATS ) | C14: Rft
B15: 4C, 25 Sqmm PVC/PVC conduit brand Adamjee,Dura.Beta pipe(For Generator to ATS ) | C15: Rft
B16: 4C, 16 Sqmm PVC/PVC conduit brand Adamjee,Dura.Beta pipe(For Generator to ATS ) | C16: Rft
A19: 4 | B19: 4C, 35 Sqmm PVC/PVC conduit brand Adamjee,Dura.Beta pipeFrom ATS Panel to DB Breakers for A.C | C19: Rft
B20: 4C, 25 Sqmm PVC/PVC conduit brand Adamjee,Dura.Beta pipe From ATS Panel to DB Breakers for A.C | C20: Rft
B21: 4C, 16 Sqmm PVC/PVC conduit brand Adamjee,Dura.Beta pipe From ATS Panel to DB Breakers for A.C | C21: Rft
B22: 7x1Cx10 sqmm PVC/PVC conduit for UPS SMPB to UPS DB | C22: Rft
A23: 5 | B23: Providing & wiring of 3 x 06 Sqmm PVC/in PVC conduit brand Adamjee,Dura.Beta pipe From MDB to Clipsil Industrial Sockets for UPS input & output. | C23: Rft
A24: 6 | B24: Two pair Industrial Socket male & female make "Schenider" 32Amp UPS to UPS DB complete with all respect. | C24: Nos
A25: 7 | B25: 4 Core, 2.5 Sqmm weather proof Flexible Control Cable for ATS/AMF Operation including pvc conduit brand Adamjee,Dura.Beta pipe. | C25: Rft
B26: Total | F26: =SUM(F5:F25) -> 0

Sheet Earthing sys
A1: EARTHING SYSTEM | D1: ='Electrical Wiring'!D1:F1 -> PEB STORAGE SHED
A2: ITEM NO | B2: DESCRIPTION | C2: UNIT | D2: QTY | E2: RATE | F2: AMOUNT
B3: EARTHING SYSTEM, GROUNDING & BONDING
B4: Providing , installation , testing and commissioning of following items for earthing & bonding system of complete data center including all material, boring, labor, tools, transportation, accessories etc. Complete in all respects including detailed test reports. Estimated earth stations are taken at this stage. Contractor has to check the soil resistivity at site and propose required stations to achieve earth resistance not more than one ohms and Earth Test Report must be submitted with the bill along with Certificate of Geniuses of Electric Cables and its fixtures/accessories from Authorized Dealer/Distributor
A5: 1 | B5: EARTH STATIONS
B6: High Conductivity Active Green Earth Station using 38 mm dia tin plated copper pipe including 6" dia, upto 12 FT to 20 FT Pit with 4'x4'x20 in NSL / Ground. and Earth enhancement Electrolytic compound with "Coal ,Salt & Sand with 50mm copper rope ".OR deep boring with 4 inches bore pipe upto "water level"with G-I pipe 2"inch Earth station shall be provided with inspection chamber and heavy duty round MS cover, painted with anti rust paint. The earth lead shall be terminated at the copper pipe using proper cad weld jointing method.
B7: For Main Electrical Panel / UPS DB /Generator / SPDB (if required ) | C7: Nos | D7: 1
A8: 2 | B8: EARTH LEADS / CONDUCTORS
B9: High Conductivity Active Green Earth Station using 38 mm dia tin plated copper pipe including 6" dia, 20' deep boring and earth enhancement electrolytic compound and Earth Test Points. Earth station shall be provided with inspection chamber and heavy duty round MS cover, painted with anti rust paint. The earth lead shall be terminated at the copper pipe using proper cad weld jointing method.
A10: i | B10: Single Core PVC insulated ,1X16 Sqmm Stranded Copper Conductor, green in color in appropriate size of PVC conduits. (From Earth Pit to Earth Point in DB for Generator. | C10: Rft
A11: ii | B11: Single Core PVC insulated , 1X16 Sqmm Stranded Copper Conductor, green in color in appropriate size of PVC conduits. (From Earth Pit to Earth Point in DB for AC System ,Lighting & Power . | C11: Rft | D11: 25
A12: iii | B12: Single Core PVC insulated , 1X16 Sqmm Stranded Copper Conductor, green in color in appropriate size of PVC conduits. (For Earth Bar to PABX and MDF in IT Room) | C12: Rft
A13: iv | B13: Single Core PVC insulated , 1X16 Sqmm Stranded Copper Conductor, green in color in appropriate size of PVC conduits. (For Earth Bar to SPD Panel) | C13: Rft
C14: Total | F14: =SUM(F4:F13) -> 0
